 Dungeon Crawl Stone Soup version 0.29.1-2-gbd0b4ee654 (webtiles) character file.

Game seed: 5426120080843838723

1227 leafyfresh the Conjurer (level 8, -5/46 HPs)
             Began as an Octopode Venom Mage on Nov 6, 2022.
             Was an Initiate of Vehumet.
             Killed by nerve-wracking pain
             ... invoked by an orc priest
              (13 damage)
             ... on level 6 of the Dungeon on Nov 7, 2022.
             The game lasted 00:16:54 (5709 turns).

leafyfresh the Conjurer (Octopode Venom Mage)       Turns: 5709, Time: 00:16:55

Health: -5/46      AC:  3    Str:  4    XL:     8   Next: 48%
Magic:  12/12      EV: 13    Int: 30    God:    Vehumet [......]
Gold:   316        SH:  6    Dex: 17    Spells: 4/12 levels left

rFire   + + .      SeeInvis .   r - +5 dagger "Igogicae" {freeze, rF++ rC+ Stlth+}
rCold   + . .      Faith    .   w - +0 buckler of Dithmenos's Grace {Str-4 Int+5 Dex+5}
rNeg    . . .      Spirit   .   h - +2 hat
rPois   .          Reflect  .   (no amulet)
rElec   .          Harm     .   u - +6 ring of intelligence
rCorr   .          Rampage  .   (no ring)
Will    .....                   (no ring)
Stlth   +++++.....              (no ring)
HPRegen 0.15/turn               (no ring)
MPRegen 0.13/turn               (no ring)
                                (no ring)
                                (no ring)

@: no status effects
A: almost no armour, amphibious, 8 rings, camouflage 1, gelatinous body 1,
(nimble swimmer 1), tentacles
a: Renounce Religion


You were on level 6 of the Dungeon.
You worshipped Vehumet.
Vehumet was noncommittal.
You visited 2 branches of the dungeon, and saw 7 of its levels.

You collected 316 gold pieces.

Inventory:

Hand Weapons
 r - the +5 dagger "Igogicae" (weapon) {freeze, rF++ rC+ Stlth+}
   (You found it on level 2 of the Dungeon)

   It freezes those it strikes, dealing additional cold damage.
   It can also slow down cold-blooded creatures.
   rF:        It greatly protects you from fire.
   rC:        It protects you from cold.
   Stlth:     It makes you more stealthy.
Armour
 g - an orb of wrath
 h - a +2 hat (worn)
 w - the +0 buckler of Dithmenos's Grace (worn) {Str-4 Int+5 Dex+5}
   (You found it on level 4 of the Dungeon)

   Str:       It affects your strength (-4).
   Int:       It affects your intelligence (+5).
   Dex:       It affects your dexterity (+5).
Magical Staves
 c - a staff of poison
Jewellery
 f - an amulet of faith
 t - an amulet of guardian spirit
 u - a +6 ring of intelligence (left tentacle)
Wands
 s - a wand of polymorph (5)
 z - a wand of roots (13)
Scrolls
 e - a scroll of enchant weapon {unknown}
 j - a scroll of acquirement {unknown}
 m - 2 scrolls of butterflies
 p - 3 scrolls of blinking
 y - a scroll of torment {unknown}
 A - a scroll of amnesia {unknown}
 B - a scroll of poison {unknown}
 C - a scroll of identify
Potions
 a - a potion of magic
 b - 3 potions of might
 d - a potion of lignification {unknown}
 i - 2 potions of attraction {unknown}
 k - a potion of degeneration {unknown}
 l - a potion of brilliance {unknown}
 n - 2 potions of curing {unknown}
 o - 2 potions of invisibility
 q - 4 potions of heal wounds
 v - a potion of cancellation {unknown}
 x - a potion of resistance {unknown}


   Skills:
 - Level 0.2 Fighting
 - Level 2.3 Dodging
 - Level 4.9 Stealth
 - Level 5.1 Shields
 - Level 2.7 Spellcasting
 + Level 6.5 Conjurations
 - Level 1.0 Transmutations
 - Level 5.1 Poison Magic


You had 4 spell levels left.
You knew the following spells:

 Your Spells              Type           Power      Damage    Failure   Level
a - Sting                 Tmut/Pois      88%        1d7       2%          1
b - Mephitic Cloud        Conj/Pois/Air  27%        N/A       6%          3
c - Olgreb's Toxic Radia  Pois           34%        N/A       12%         4

Your spell library contained the following spells:

 Spells                   Type           Power      Damage    Failure   Level
 Poisonous Vapours        Pois/Air       38%        N/A       4%          2


Dungeon Overview and Level Annotations

Branches:
Dungeon (6/15)             Temple (1/1) D:5

Altars:
Elyvilon
Qazlal
Trog
Vehumet
Wu Jian
Xom
Yredelemnul
The Shining One


Innate Abilities, Weirdness & Mutations

You cannot wear most types of armour.
You are amphibious.
You can wear up to eight rings at the same time.
Your skin changes colour to match your surroundings (Stealth+).
Your rubbery body absorbs attacks. (AC +1, EV +1)
((You are camouflaged when in or above water. (Stealth+)))
You have tentacles for arms and can constrict up to eight enemies at once.


Message History

No target in view!
C - a scroll of identify No target in view!
You hear the brisk hiss of a very distant avalanche of sand.
You hear the brisk hiss of a very distant avalanche of sand.
There is an open door here.
You open the door.
A black bear comes into view.
Found a stone staircase leading down.
There is an open door here.
A black bear is nearby!
The helpless black bear fails to defend itself.
You impale the black bear!! You freeze the black bear. You grab the black bear.
The black bear is almost dead.
You constrict the black bear. The black bear bites you.
The black bear completely misses you. The black bear claws you.
You hit the black bear. You freeze the black bear.
You kill the black bear!
Vehumet accepts your kill.
No target in view!
No target in view!
You hear the brisk hiss of a very distant avalanche of sand.
An orc, an orc priest and a wyvern come into view.
An orc wizard, 2 orcs and a necrophage come into view.
There are monsters nearby!
The orc priest shouts!
The orc shouts!
The orc wizard shouts!
The orc shouts!
You block the wyvern's attack.
The orc priest invokes the aid of Beogh against you.
Beogh smites you!
Unknown command.
Unknown command.
The wyvern attacks as you move away! The wyvern bites you! x2
* * * LOW HITPOINT WARNING * * *
The orc wizard casts a spell.
The orc wizard flickers and vanishes!
Deactivating autopickup; reactivate with Ctrl-A.
The wyvern bites you but does no damage.
The orc priest calls down the wrath of Beogh upon you.
Pain shoots through your body!
You die...

................
#.............#
#.............#
#.....o..n....#
#....o.o......#
#.............# #.
#########.##### #. #..l#
#. #..@# .. #...# #.
#...# #.#############'##
............# #.#
............# #.#
............# #.#########
............###.........#
..............#########.#


You could see a wyvern, a necrophage, an orc priest and an orc.

Vanquished Creatures
  Sigmund (D:5)
  2 black bears
  An ogre (D:5)
  A phantom (D:5)
  Blork the orc (D:5)
  A bullfrog (D:6)
  A gnoll sergeant (D:6)
  2 scorpions
  An orc priest (D:5)
  3 hounds
  A jelly (D:5)
  2 iguanas
  2 orc wizards (D:5)
  3 gnolls (D:6)
  4 adders
  A worm (D:2)
  A dart slug (D:1)
  15 orcs
  8 ball pythons
  5 bats
  8 endoplasms
  4 giant cockroaches (D:1)
  9 goblins
  4 hobgoblins
  6 jackals
  2 kobolds
  4 quokkas
  3 frilled lizards
  9 rats
105 creatures vanquished.

Notes
Turn   | Place    | Note
-------+----------+-------------------------------------------
     0 | D:1      | leafyfresh the Octopode Venom Mage began the quest for the
                  | Orb.
     0 | D:1      | Reached XP level 1. HP: 11/11 MP: 3/3
   313 | D:1      | Reached XP level 2. HP: 17/17 MP: 1/5
   865 | D:1      | Reached XP level 3. HP: 21/21 MP: 4/6
  1719 | D:2      | Found a shimmering altar of Xom.
  1919 | D:2      | Learned a level 3 spell: Mephitic Cloud
  2097 | D:2      | Reached XP level 4. HP: 25/27 MP: 7/7
  2396 | D:2      | Identified the +5 dagger "Igogicae" {freeze, rF++ rC+
                  | Stlth+}
  2480 | D:2      | Reached skill level 5 in Poison Magic
  3173 | D:4      | Noticed a scorpion
  3176 | D:4      | Reached XP level 5. HP: 31/31 MP: 8/8
  3177 | D:4      | Identified the +0 buckler of Dithmenos's Grace {Str-4 Int+5
                  | Dex+5}
  3192 | D:4      | Learned a level 4 spell: Olgreb's Toxic Radiance
  3314 | D:4      | Identified the +1 leather armour "Weeqaj" {+Inv Dex+2}
  3488 | D:4      | Reached XP level 6. HP: 36/36 MP: 9/9
  3690 | D:5      | Entered Level 5 of the Dungeon
  3717 | D:5      | Noticed a black bear
  3718 | D:5      | Noticed Blork the orc
  3725 | D:5      | Killed a black bear
  3728 | D:5      | Killed Blork the orc
  3899 | D:5      | Reached skill level 1 in Conjurations
  3899 | D:5      | Reached XP level 7. HP: 41/41 MP: 10/10
  3909 | D:5      | Reached skill level 5 in Shields
  4129 | D:5      | Found a staircase to the Ecumenical Temple.
  4141 | Temple   | Entered the Ecumenical Temple
  4162 | Temple   | Became a worshipper of Vehumet
  4223 | D:5      | Reached skill level 2 in Conjurations
  4623 | D:5      | Reached skill level 3 in Conjurations
  4628 | D:5      | Reached skill level 4 in Conjurations
  5157 | D:5      | Noticed Sigmund
  5175 | D:5      | Killed Sigmund
  5176 | D:5      | Reached skill level 5 in Conjurations
  5176 | D:5      | Reached XP level 8. HP: 40/46 MP: 1/12
  5450 | D:6      | Reached skill level 6 in Conjurations
  5703 | D:6      | Noticed a wyvern
  5709 | D:6      | Killed from afar by an orc priest

Illustrated notes

Levels and vault maps discovered:
D:1:      giann_horns, layout_rooms, minmay_misc_feat_iff, moated_statue
D:2:      layout_basic, basic_altar, minmay_pentomino_z4
D:3:      layout_loops_ring, serial_shops, nicolae_shop_advertising_works
          [nicolae_subvault_shop_adworks]
D:4:      layout_rooms
D:5:      layout_rooms, minmay_temple_entry_large_hall, uniq_sigmund,
          uniq_blork_the_orc
D:6:      layout_basic, nicolae_ossuary_entry_false_entrances,
          nicolae_stop_n_shop_1
Temple:   nicolae_temple_bog_church

Skill      XL: |  1  2  3  4  5  6  7  8 |
---------------+-------------------------+-----
Stealth        | 3 4 |  4.9
Poison Magic   | 4 5 |  5.1
Shields        | 3 4 5 |  5.1
Conjurations   | 1 5 6 |  6.5
Fighting       | |  0.2
Dodging        | |  2.3
Spellcasting   | |  2.7
Transmutations | |  1.0

Action                   |  1- 3 |  4- 6 |  7- 9 || total
-------------------------+-------+-------+-------++-------
Melee: Unarmed           |    22 |       |       ||    22
       Tentacles         |    14 |     7 |    19 ||    40
       Constrict         |    13 |     5 |    16 ||    34
       Staff             |    28 |     7 |       ||    35
       Punch             |     1 |     1 |     2 ||     4
       Dagger            |       |    33 |    60 ||    93
 Cast: Sting             |    48 |    14 |    22 ||    84
       Olgreb's Toxic Ra |       |     2 |       ||     2
       Mephitic Cloud    |       |       |     9 ||     9
Evoke: Wand              |       |       |     1 ||     1
  Use: Scroll            |       |       |     6 ||     6
 Stab: Sleeping          |     3 |    17 |     1 ||    21
       Confused          |       |       |     3 ||     3
Armor: Skin              |     6 |    10 |     5 ||    21
Dodge: Dodged            |    53 |    22 |    28 ||   103
Block: Buckler           |       |     4 |    15 ||    19
